Map: Lightshade LE

Players

PeoN

  • Race: Zerg Zerg
  • Spawn Location: 11:00

Faintear - Winner!

  • Race: Terran Terran
  • Spawn Location: 5:00

VOD

Have the link to the VOD?

Description

Time

  • Played on: Nov. 12, 2020, 8:10 p.m.
  • Length: 21:46
Show
View Real Time Build Order
Export as new Build Order

PeoN Zerg 

Build Orders: Hatch First, Swarm Host 

Get SALT Encoding   

  12  0:00  Drone  
  13  0:13  Overlord  
  13  0:19  Drone  
  14  0:43  Drone x3  
  17  0:57  Hatchery  
  17  1:01  Extractor  
  15  1:15  Spawning Pool  
  15  1:17  Drone  
  15  1:35  Drone x2  
  15  1:36  Drone  
  18  1:48  Drone  
  19  2:00  Drone  
  20  2:10  Queen  
  20  2:12  Queen  
  20  2:14  Zergling x4  
  26  2:23  Overlord  
  26  2:24  Zergling x2  
  26  2:29  Metabolic Boost  
  27  2:32  Zergling x2  
  28  2:42  Drone x3  
  31  2:53  Drone x2  
  33  3:04  Roach Warren  
  32  3:09  Queen  
  34  3:19  Drone  
  36  3:20  Drone  
  36  3:25  Overlord x2  
  36  3:45  Roach x3  
  36  3:46  Roach x4  
  50  4:01  Hatchery  
  48  4:24  Drone  
  48  4:25  Roach  
  48  4:26  Zergling x2  
  48  4:27  Overlord x3  
  51  4:43  Lair  
  51  4:44  Queen  
  53  4:50  Ravager  
  54  4:59  Spore Crawler  
  53  5:09  Drone x2  
  53  5:10  Drone x2  
  53  5:11  Drone x3  
  60  5:15  Ravager  
  61  5:30  Queen  
  61  5:33  Roach  
  61  5:34  Roach  
  67  5:40  Evolution Chamber  
  67  5:41  Evolution Chamber  
  65  5:45  Zergling x8  
  65  5:46  Zergling x12  
  75  5:50  Overlord  
  75  5:52  Overseer  
  75  6:01  Roach, Zergling x2  
  75  6:02  Zergling x8  
  82  6:11  Extractor  
  82  6:12  Extractor  
  82  6:13  Extractor  
  79  6:33  Drone  
  79  6:34  Drone x9  
  89  6:45  Drone  
  90  6:51  Overlord x3  
  89  7:11  Roach x4  
  89  7:12  Roach x2  
  69  7:25  Roach x4  
  69  7:27  Roach  
  70  7:33  Drone x3  
  73  7:44  Roach  
  73  7:45  Roach x2  
  73  7:46  Drone  
  80  7:56  Drone  
  80  7:57  Drone x4  
  80  7:58  Drone  
  86  8:00  Glial Reconstitution  
  86  8:05  Zerg Missile Weapons Level 1  
  86  8:21  Drone  
  86  8:22  Drone x10  
  97  8:27  Zerg Ground Armor Level 1  
  97  8:31  Extractor, Drone  
  97  8:32  Extractor, Drone x2  
  97  8:34  Drone  
  99  8:35  Drone  
  99  8:37  Drone  
  101  8:49  Roach x6  
  101  8:50  Zergling x2  
  101  8:52  Overlord  
  114  9:15  Hatchery  
  113  9:21  Roach  
  113  9:22  Roach x3, Zergling x2  
  122  9:25  Overlord x2  
  122  9:26  Overlord  
  122  9:29  Hatchery  
  121  9:34  Infestation Pit  
  120  9:58  Roach  
  120  9:59  Roach x8  
  138  10:03  Overlord x5  
  138  10:10  Zerg Missile Weapons Level 2  
  138  10:21  Pathogen Glands  
  138  10:28  Nydus Network  
  137  10:33  Drone x3  
  137  10:34  Drone x4  
  137  10:35  Drone  
  145  10:38  Zerg Ground Armor Level 2  
  145  10:45  Evolution Chamber  
  144  11:05  Burrow  
  144  11:25  Swarm Host  
  144  11:26  Swarm Host x7  
  144  11:27  Swarm Host x4  
  144  11:30  Overlord x3  
  180  11:34  Zerg Melee Weapons Level 1  
  180  11:38  Hive  
  180  11:41  Spore Crawler  
  180  11:42  Extractor x2  
  180  11:45  Spore Crawler, Drone x6  
  182  12:05  Nydus Canal  
  158  12:45  Roach x6  
  158  12:49  Roach, Infestor  
  166  12:54  Roach  
  150  13:03  Roach  
  150  13:04  Roach x13  
  149  13:30  Roach  
  149  13:31  Roach x7  
  137  13:45  Roach  
  137  13:46  Roach x8  
  151  13:50  Hatchery  
  150  14:16  Hatchery  
  149  14:52  Roach x9  
  175  14:53  Roach x9  
  175  14:57  Overlord x2  
  175  14:58  Overlord  
  185  15:04  Zerg Missile Weapons Level 3, Zerg Ground Armor Level 3  
  185  15:06  Zerg Melee Weapons Level 2  
  185  15:10  Spire  
  184  15:20  Drone x3, Extractor  
  184  15:21  Extractor, Drone x7  
  192  15:33  Extractor  
  192  15:35  Extractor  
  188  15:37  Roach  
  188  15:38  Roach x2  
  188  15:40  Zergling x2  
  180  15:55  Roach  
  180  15:56  Roach x4  
  170  16:06  Roach  
  170  16:07  Roach x2  
  166  16:14  Roach  
  142  16:23  Roach x3  
  116  16:39  Drone x8  
  124  16:41  Queen  
  126  17:00  Roach x7  
  140  17:01  Hatchery  
  140  17:04  Greater Spire  
  139  17:38  Corruptor x3  
  139  17:39  Corruptor x3  
  151  17:51  Adrenal Glands  
  149  18:21  Brood Lord x5  
  38  18:56  Roach  
  38  18:57  Roach x8  
  38  18:58  Zergling x2  
  38  19:00  Zergling x2  
  56  19:10  Zergling x2  
  56  19:11  Zergling x6  
  56  19:12  Zergling x2  
  55  19:22  Zergling x6  
  58  19:24  Zergling x2  
  58  19:25  Zergling x8  
  58  19:28  Zergling x2  
Show
View Real Time Build Order
Export as new Build Order

Faintear Terran - Winner!

Build Orders: 2 Factory, Mech 

Get SALT Encoding   

  12  0:00  SCV  
  13  0:12  SCV  
  14  0:19  Supply Depot  
  14  0:25  SCV  
  15  0:40  SCV  
  15  0:42  Barracks  
  16  0:53  SCV  
  16  0:56  Refinery  
  17  1:05  SCV  
  18  1:18  SCV  
  18  1:31  Orbital Command  
  18  1:38  Command Center  
  17  1:58  Supply Depot  
  16  2:09  SCV  
  17  2:21  SCV, Barracks Tech Lab  
  18  2:29  Factory  
  18  2:32  Refinery  
  18  2:33  SCV  
  19  2:45  SCV  
  20  2:57  SCV  
  21  2:59  Factory  
  21  3:09  SCV  
  22  3:21  SCV  
  22  3:23  Barracks Reactor  
  22  3:28  Siege Tank  
  22  3:34  SCV  
  26  3:46  SCV  
  27  3:58  SCV  
  27  3:59  Supply Depot  
  28  4:10  SCV x2  
  30  4:22  SCV  
  30  4:23  Siege Tank  
  38  4:24  Hellion x2  
  38  4:28  Command Center  
  38  4:29  SCV  
  36  4:37  SCV  
  37  4:41  SCV  
  42  4:45  Hellion x2  
  42  4:49  Engineering Bay  
  42  4:51  SCV, Armory  
  43  4:53  SCV  
  44  5:04  Siege Tank  
  47  5:09  Orbital Command  
  47  5:12  SCV  
  48  5:23  Hellion x2  
  48  5:24  SCV  
  53  5:36  SCV  
  53  5:41  SCV  
  58  5:45  Thor  
  58  5:48  SCV  
  62  5:53  SCV  
  62  5:56  Command Center  
  63  6:00  SCV  
  63  6:01  Hellbat  
  66  6:05  SCV  
  66  6:10  Orbital Command  
  67  6:15  SCV  
  67  6:18  SCV  
  69  6:26  Supply Depot  
  69  6:27  Supply Depot  
  69  6:29  Supply Depot  
  69  6:34  Refinery  
  69  6:36  Refinery  
  69  6:39  Terran Vehicle Weapons Level 1  
  69  6:41  SCV x2  
  69  6:44  SCV, Armory  
  69  6:47  Hellbat x2  
  76  6:53  SCV x2  
  78  6:56  SCV  
  78  7:00  Thor  
  85  7:05  SCV x2, Missile Turret  
  85  7:08  SCV  
  78  7:17  Hellbat x2, SCV x2  
  78  7:20  SCV  
  76  7:29  SCV x2  
  76  7:32  SCV  
  77  7:43  Thor  
  83  7:44  Factory  
  83  7:45  Factory  
  83  7:47  Command Center  
  83  7:48  SCV x3  
  86  7:55  Refinery x2  
  86  8:00  SCV x2  
  86  8:01  SCV  
  86  8:03  Hellbat x2  
  93  8:12  SCV  
  94  8:20  SCV  
  94  8:21  SCV  
  94  8:24  Planetary Fortress, SCV  
  94  8:26  Thor  
  103  8:31  Infernal Pre-Igniter  
  103  8:32  SCV  
  104  8:36  Factory Tech Lab  
  104  8:47  Factory Tech Lab  
  104  8:54  SCV x3  
  107  9:01  Thor  
  113  9:03  Hellbat x2  
  113  9:06  SCV x2  
  113  9:08  Thor  
  125  9:18  Factory  
  125  9:21  Factory  
  125  9:22  Factory  
  125  9:26  SCV x3  
  128  9:38  SCV  
  129  9:44  Refinery  
  129  9:48  SCV  
  129  9:49  SCV  
  129  9:50  Refinery  
  131  9:56  Thor  
  131  9:57  Thor, Hellbat x2  
  131  9:58  SCV  
  148  10:01  SCV  
  148  10:02  Supply Depot x2  
  148  10:04  Supply Depot x2, Factory Reactor, Factory Tech Lab  
  149  10:07  Supply Depot  
  149  10:10  Hellion  
  151  10:18  Hellbat  
  153  10:27  Command Center  
  153  10:29  Factory Reactor  
  153  10:31  Thor  
  159  10:39  Thor, Hellbat  
  167  10:56  Terran Vehicle Weapons Level 2  
  167  10:58  Terran Vehicle And Ship Armor Level 1  
  167  11:03  Planetary Fortress  
  167  11:06  Hellbat x2  
  167  11:07  Hellbat, Thor  
  167  11:08  Hellbat  
  181  11:16  Hellbat  
  183  11:30  Factory  
  183  11:31  Thor x2  
  195  11:39  Hellbat x2  
  199  11:40  Supply Depot  
  199  11:50  Refinery  
  199  11:51  Refinery  
  199  12:35  Hellbat x2  
  197  12:41  Factory x2  
  197  12:42  Factory  
  197  12:43  Factory  
  183  12:47  Factory  
  166  12:55  Siege Tank  
  166  12:56  Thor  
  166  12:57  Thor x2  
  166  12:58  Hellbat x4  
  185  13:11  Terran Vehicle And Ship Armor Level 2  
  185  13:15  Missile Turret  
  185  13:21  SCV x4  
  183  13:27  Thor  
  183  13:29  Hellbat  
  183  13:30  Hellbat x2  
  183  13:31  Factory Reactor, Factory Tech Lab x3  
  183  13:32  Factory Tech Lab  
  183  13:33  Command Center  
  141  13:51  Thor x2  
  141  13:52  Hellbat x4  
  141  13:53  Hellbat, Thor  
  169  14:08  Command Center, SCV  
  169  14:09  SCV x3  
  173  14:20  Hellbat x3, Thor x2  
  173  14:21  Thor, Hellbat  
  196  14:55  Planetary Fortress  
  196  14:58  Refinery  
  196  14:59  Refinery  
  186  15:02  Thor x2, Hellbat x2  
  200  15:13  Terran Vehicle Weapons Level 3  
  200  15:21  Smart Servos  
  200  15:38  Command Center  
  200  15:42  Factory  
  200  15:43  Factory  
  200  15:45  Factory x2  
  200  15:46  Factory  
  196  15:51  Command Center  
  194  16:00  SCV x3  
  194  16:04  Hellbat x3  
  198  16:05  Hellbat  
  180  16:17  Terran Vehicle And Ship Armor Level 3  
  166  16:25  Hellbat x2, Thor x2  
  150  16:26  Thor x4  
  168  16:43  Factory Reactor, Factory Tech Lab x2  
  168  16:44  Factory Tech Lab  
  168  16:48  Command Center  
  168  16:50  Hellbat  
  168  16:51  Thor x2, Hellbat x2  
  168  16:52  Hellbat  
  168  16:53  Hellbat  
  190  16:56  Planetary Fortress  
  190  17:00  Refinery, Factory Tech Lab  
  190  17:12  Hellbat  
  190  17:14  Thor, Hellbat  
  194  17:37  SCV x2  
  194  17:39  Hellbat  
  194  17:40  Hellbat x2  
  195  18:23  Thor x3  
  195  18:24  Hellbat  
  195  18:25  Hellbat  
  181  18:56  Command Center x2  
  181  18:57  Thor x2  
  181  18:58  Command Center, Hellbat x3  
  181  19:01  Command Center  
  199  19:18  Orbital Command  
  197  19:49  Hellbat x2  
  199  21:12  Refinery  
Tags
 
Add a new tag
Caveats
  • Supply blocks, unpowered buildings, or Contaminate may cause inaccurate times.
  • Supply counts are checked every 10 seconds.